 Dungeon Crawl Stone Soup version 0.17.0-56-gd8de76c (webtiles) character file.

331 gorblad the Covered (level 6, -6/47 HPs)
             Began as a Demonspawn Fighter on Dec 5, 2015.
             Killed by nerve-wracking pain
             ... invoked by an orc priest
              (11 damage)
             ... on level 4 of the Dungeon.
             The game lasted 00:07:31 (3200 turns).

gorblad the Covered (Demonspawn Fighter)            Turns: 3200, Time: 00:07:32

Health: -6/47      AC:  8    Str: 19    XL:     6   Next: 26%
Magic:  6/6        EV:  8    Int:  9    God:
Gold:   172        SH:  9    Dex: 12    Spells: 0 memorised, 5 levels left

rFire  . . .     SeeInvis +     a - +0 long sword
rCold  . . .     Clarity  .     b - +0 scale mail
rNeg   . . .     SustAt   .     c - +0 shield
rPois  .         Gourm    .     l - +0 helmet
rElec  .         Spirit   .     (no cloak)
rCorr  .         Warding  .     (no gloves)
rMut   .         Stasis   .     (no boots)
MR     .....                    (no amulet)
Stlth  ..........               j - ring of wizardry
                                g - ring of see invisible

@: very slightly contaminated, hasted, very quick, not resistant to hostile
enchantments, extremely unstealthy
A: powered by death 1
a: no special abilities


You were on level 4 of the Dungeon.
You were not hungry.

You visited 1 branch of the dungeon, and saw 4 of its levels.

You collected 172 gold pieces.

Inventory:

Hand Weapons
 a - a +0 long sword (weapon)
Missiles
 i - 7 tomahawks (quivered)
Armour
 b - a +0 scale mail (worn)
 c - a +0 shield (worn)
 l - a +0 helmet (worn)
Jewellery
 g - a ring of see invisible (left hand)
 j - a ring of wizardry (right hand)
Scrolls
 k - 5 scrolls of remove curse
 n - 2 scrolls of identify
 r - a scroll of blinking
Potions
 d - a potion of might
 f - a potion of invisibility {unknown}
 o - a potion of haste
 p - a potion of berserk rage {unknown}
 s - a potion of brilliance {unknown}
 t - a potion of magic
Books
 q - a book of Annihilations

   Spells                             Type                      Level
   a - Poison Arrow                   Conjuration/Poison           6
   b - Chain Lightning                Conjuration/Air              8
   c - Lehudib's Crystal Spear        Conjuration/Earth            8
   d - Glaciate                       Conjuration/Ice              9
   e - Fire Storm                     Conjuration/Fire             9
Comestibles
 e - 6 bread rations
 h - 4 chunks of flesh
 m - 3 beef jerkies


   Skills:
 + Level 3.6 Fighting
 + Level 3.1 Long Blades
 + Level 4.0 Armour
 + Level 2.1 Dodging
 + Level 3.9 Shields


You had 5 spell levels left.
You didn't know any spells.

Dungeon Overview and Level Annotations

Branches:
Dungeon (4/15)             Temple (0/1) D:4

Altars:
Cheibriados
Fedhas
Ru
Yredelemnul
The Shining One

Annotations:
D:2 exclusion: oklob plant
D:4 exclusion: oklob sapling


Innate Abilities, Weirdness & Mutations

You regenerate a little health from kills.


Message History

The orc priest hits you but does no damage.
You barely miss the orc priest.
The orc priest is severely wounded.
The orc wizard points at you and mumbles some strange words.
The puff of frost hits you!
* * * LOW HITPOINT WARNING * * *
The orc priest hits you but does no damage.
Your shield and scale mail prevent you from hitting the orc priest.
The orc priest is severely wounded.
The orc wizard hits you but does no damage.
You hit the orc priest.
The orc priest is almost dead.
The orc priest hits you but does no damage.
The orc wizard hits you but does no damage.
You hit the orc priest but do no damage.
The orc priest is severely wounded.
The orc wizard completely misses you.
The orc priest mumbles some strange prayers to Beogh against you.
Pain shoots through your body!
You die...

♣♣♣♣♣♣♣#.## ###.. ♣♣.P.♣♣...# ###
### ♣.♣.♣♣.♣..# # ..#
##♣.♣P.♣.♣#.♣#♣#♣##
..###..♣♣♣P.♣♣#.#.....#
.#..).♣♣♣♣♣♣♣##.♣.♣#♣.###########
.#...............................
###..###.#..####♣.♣##############
.#...# #.......o@..# .#..##
#.......o...# ##... #...........#
...#. #...........##
.(.#..##........^...#
...##.##.########.#.##
...##.##.########.#..##
...#..............##..#
##..#....#######..###.#####


You could see an orc priest and an orc wizard.

Vanquished Creatures
  A scorpion (D:4)
  An orc wizard (D:4)
  A hound (D:4)
  Jessica (D:3)
  3 gnolls (D:4)
  7 adders
  3 oozes
  3 worms
  A giant gecko (D:2)
  6 orcs
  A ball python (D:3)
  4 bats
  2 giant cockroaches
  6 hobgoblins
  13 jackals
  A giant newt (D:3)
  10 goblins
  6 kobolds
  4 quokkas
  5 rats
  A plant (D:2)
80 creatures vanquished.

Vanquished Creatures (others)
  A fungus (D:2)
  15 toadstools (D:2)
16 creatures vanquished.

Grand Total: 96 creatures vanquished

Notes
Turn   | Place    | Note
--------------------------------------------------------------
     0 | D:1      | gorblad the Demonspawn Fighter began the quest for the Orb.
     0 | D:1      | Reached XP level 1. HP: 18/18 MP: 1/1
   108 | D:1      | Gained mutation: You regenerate a little health from kills. [demonic ancestry]
   108 | D:1      | Reached XP level 2. HP: 20/24 MP: 2/2
   703 | D:2      | Reached XP level 3. HP: 24/29 MP: 3/3
  1213 | D:2      | Found a glowing golden altar of the Shining One.
  1215 | D:2      | Noticed an angel
  1234 | D:2      | Found a basalt altar of Yredelemnul.
  1245 | D:2      | Noticed a profane servitor
  1349 | D:2      | Reached XP level 4. HP: 31/35 MP: 4/4
  1545 | D:2      | Found a blossoming altar of Fedhas.
  1558 | D:2      | Noticed an oklob plant
  1952 | D:3      | Reached skill level 1 in Dodging
  2068 | D:3      | Found a snail-covered altar of Cheibriados.
  2305 | D:3      | Noticed Jessica
  2324 | D:3      | Killed Jessica
  2324 | D:3      | Reached XP level 5. HP: 41/41 MP: 5/5
  2595 | D:4      | Found a staircase to the Ecumenical Temple.
  2699 | D:4      | Found a sacrificial altar of Ru.
  2928 | D:4      | Reached skill level 4 in Armour
  2928 | D:4      | Reached XP level 6. HP: 14/47 MP: 6/6
  3200 | D:4      | Killed from afar by an orc priest

Action                   |  1- 3 |  4- 6 || total
-------------------------+-------+-------++-------
Melee: Long sword        |   145 |   240 ||   385
  Use: Scroll            |     5 |     2 ||     7
       Potion            |       |     2 ||     2
  Eat: Chunk             |     2 |     6 ||     8
